BR
ATLANTIC CITY WAR DOGS @ ONTARIO EMUS
08/01/2027
 
TOP OF THE 1ST
Atlantic City War Dogs batting - Pitching for Ontario Emus : RHP Albert Castro
Pitching: RHP Albert Castro
Batting: RHB Jerome Cuevas 0-0: Swinging Strike
0-1: Ball
1-1: Foul Ball, location: 2F
1-2: Strikes out swinging
Batting: RHB Jesús Herrera 0-0: Foul Ball, location: 2F
0-1: Ball
1-1: Ball
2-1: Ball
3-1: Called Strike
3-2: Ground out 4-3 (Groundball, 4)
Batting: RHB Jamie Swyers 0-0: Called Strike
0-1: Ball
1-1: Swinging Strike
1-2: Ball
2-2: SINGLE (Line Drive, 8RS)
Batting: LHB Patrick Ferguson 0-0: Ball
1-0: Foul Ball, location: 2F
1-1: Ball
2-1: Foul Ball, location: 2F
2-2: Foul Ball, location: 2F
2-2: Ball
3-2: Strikes out swinging
Top of the 1st over - 0 run(s), 1 hit(s), 0 error(s), 1 left on base; Atlantic City 0 - Ontario 0
BOTTOM OF THE 1ST
Ontario Emus batting - Pitching for Atlantic City War Dogs : RHP Rubén Cruz
Pitching: RHP Rubén Cruz
Batting: RHB Álex Martínez 0-0: Ground out 4-3 (Groundball, 4)
Batting: RHB Gustavo Medine 0-0: Swinging Strike
0-1: Ball
1-1: Foul Ball, location: 2F
1-2: Strikes out swinging
Batting: LHB Pablo Alvarado 0-0: Ball
1-0: Ball
2-0: Foul Ball, location: 2F
2-1: Called Strike
2-2: Foul Ball, location: 2F
2-2: Ball
3-2: Base on Balls
Batting: LHB Elvin Summers 0-0: Foul Ball, location: 2F
0-1: Swinging Strike
0-2: Foul Ball, location: 2F
0-2: Fielders Choice at 2nd, 4-6 (Groundball, 4)
Bottom of the 1st over - 0 run(s), 0 hit(s), 0 error(s), 0 left on base; Atlantic City 0 - Ontario 0
TOP OF THE 2ND
Atlantic City War Dogs batting - Pitching for Ontario Emus : RHP Albert Castro
Batting: RHB Don Jackson 0-0: Called Strike
0-1: Ball
1-1: Foul Ball, location: 2F
1-2: Ball
2-2: Foul Ball, location: 2F
2-2: Strikes out swinging
Batting: RHB Jason McIntosh 0-0: Ball
1-0: Called Strike
1-1: Ball
2-1: Foul Ball, location: 2F
2-2: Ball
3-2: Hit by Pitch
Batting: RHB Jake Osborn 0-0: Grounds into double play, 6-4-3 (Groundball, 6)
Top of the 2nd over - 0 run(s), 0 hit(s), 0 error(s), 0 left on base; Atlantic City 0 - Ontario 0
BOTTOM OF THE 2ND
Ontario Emus batting - Pitching for Atlantic City War Dogs : RHP Rubén Cruz
Batting: RHB Ánibal Soto 0-0: Ball
1-0: Called Strike
1-1: Foul Ball, location: 2F
1-2: Ball
2-2: Strikes out swinging
Batting: LHB Horace Kramer 0-0: Foul Ball, location: 2F
0-1: Ball
1-1: Foul Ball, location: 2F
1-2: Ball
2-2: Strikes out looking
Batting: RHB Jack Crossey 0-0: Ball
1-0: Ball
2-0: Called Strike
2-1: Ball
3-1: Called Strike
3-2: Fly out, F9 (Line Drive, 89M)
Bottom of the 2nd over - 0 run(s), 0 hit(s), 0 error(s), 0 left on base; Atlantic City 0 - Ontario 0
TOP OF THE 3RD
Atlantic City War Dogs batting - Pitching for Ontario Emus : RHP Albert Castro
Batting: RHB John Stevens 0-0: Ball
1-0: Ball
2-0: Foul Ball, location: 2F
2-1: Fly out, F4 (Popup, 4D)
Batting: LHB Robert Mann 0-0: Ball
1-0: Foul Ball, location: 2F
1-1: Ground out 6-3 (Groundball, 6)
Batting: RHB Jerome Cuevas 0-0: Ball
1-0: Fly out, F6 (Popup, 6MD)
Top of the 3rd over - 0 run(s), 0 hit(s), 0 error(s), 0 left on base; Atlantic City 0 - Ontario 0
BOTTOM OF THE 3RD
Ontario Emus batting - Pitching for Atlantic City War Dogs : RHP Rubén Cruz
Batting: RHB Bill Bourland 0-0: SINGLE (Line Drive, 34)
Batting: SHB Pete Jones 0-0: Fly out, F7 (Flyball, 78M)
Batting: RHB Álex Martínez 0-0: Ball
1-0: Called Strike
1-1: Ball
Bill Bourland is caught stealing 2nd base
2-1: Ball
3-1: SINGLE (Line Drive, 34D)
Batting: RHB Gustavo Medine 0-0: Called Strike
Álex Martínez steals 2nd base
0-1: Ball
1-1: Swinging Strike
1-2: Strikes out looking
Bottom of the 3rd over - 0 run(s), 2 hit(s), 0 error(s), 1 left on base; Atlantic City 0 - Ontario 0
TOP OF THE 4TH
Atlantic City War Dogs batting - Pitching for Ontario Emus : RHP Albert Castro
Batting: RHB Jesús Herrera 0-0: Ball
1-0: Ball
2-0: Fly out, F7 (Flyball, 7S)
Batting: RHB Jamie Swyers 0-0: Called Strike
0-1: Ball
1-1: Ball
2-1: Foul Ball, location: 2F
2-2: Ground out 6-3 (Groundball, 6)
Batting: LHB Patrick Ferguson 0-0: Ball
1-0: Called Strike
1-1: Ball
2-1: Swinging Strike
2-2: Ball
3-2: Foul Ball, location: 2F
3-2: Strikes out looking
Top of the 4th over - 0 run(s), 0 hit(s), 0 error(s), 0 left on base; Atlantic City 0 - Ontario 0
BOTTOM OF THE 4TH
Ontario Emus batting - Pitching for Atlantic City War Dogs : RHP Rubén Cruz
Batting: LHB Pablo Alvarado 0-0: Ball
1-0: Foul Ball, location: 2F
1-1: Ball
2-1: Called Strike
2-2: DOUBLE (Line Drive, 7LM)
Batting: LHB Elvin Summers 0-0: Ball
1-0: Ground out 4-3 (Groundball, 4)
Pablo Alvarado to third
Batting: RHB Ánibal Soto 0-0: Called Strike
0-1: Ball
1-1: Called Strike
1-2: Strikes out swinging
Batting: LHB Horace Kramer 0-0: Called Strike
0-1: Ball
1-1: Called Strike
1-2: Strikes out swinging
Bottom of the 4th over - 0 run(s), 1 hit(s), 0 error(s), 1 left on base; Atlantic City 0 - Ontario 0
TOP OF THE 5TH
Atlantic City War Dogs batting - Pitching for Ontario Emus : RHP Albert Castro
Batting: RHB Don Jackson 0-0: Fly out, F4 (Popup, 4)
Batting: RHB Jason McIntosh 0-0: Ball
1-0: Ball
2-0: SINGLE (Line Drive, 9S)
Batting: RHB Jake Osborn 0-0: Ball
Jason McIntosh is caught stealing 2nd base
1-0: Fly out, F8 (Flyball, 8LM)
Top of the 5th over - 0 run(s), 1 hit(s), 0 error(s), 0 left on base; Atlantic City 0 - Ontario 0
BOTTOM OF THE 5TH
Ontario Emus batting - Pitching for Atlantic City War Dogs : RHP Rubén Cruz
Batting: RHB Jack Crossey 0-0: Ball
1-0: Foul Ball, location: 2F
1-1: Foul Ball, location: 2F
1-2: Strikes out swinging
Batting: RHB Bill Bourland 0-0: Foul Ball, location: 2F
0-1: Called Strike
0-2: Ball
1-2: SINGLE (Groundball, 34D)
Batting: SHB Pete Jones 0-0: Foul Ball, location: 2F
0-1: Ball
1-1: Ball
2-1: Called Strike
Bill Bourland steals 2nd base
2-2: Foul Ball, location: 2F
2-2: Fly out, F7 (Flyball, 7S)
Batting: RHB Álex Martínez 0-0: Called Strike
0-1: Called Strike
0-2: Ball
1-2: Ball
2-2: Strikes out looking
Bottom of the 5th over - 0 run(s), 1 hit(s), 0 error(s), 1 left on base; Atlantic City 0 - Ontario 0
TOP OF THE 6TH
Atlantic City War Dogs batting - Pitching for Ontario Emus : RHP Albert Castro
Batting: RHB John Stevens 0-0: Ball
1-0: Ball
2-0: Fly out, F7 (Flyball, 7S)
Batting: LHB Robert Mann 0-0: Ball
1-0: Ball
2-0: Called Strike
2-1: Called Strike
2-2: Ground out 4-3 (Groundball, 4)
Batting: RHB Jerome Cuevas 0-0: Ball
1-0: Ball
2-0: Ball
3-0: Called Strike
3-1: Base on Balls
Batting: RHB Jesús Herrera 0-0: Called Strike
0-1: Ball
1-1: Foul Ball, location: 2F
1-2: Foul Ball, location: 2F
1-2: Ball
2-2: Foul Ball, location: 2F
2-2: Ball
3-2: Strikes out swinging
Top of the 6th over - 0 run(s), 0 hit(s), 0 error(s), 1 left on base; Atlantic City 0 - Ontario 0
BOTTOM OF THE 6TH
Ontario Emus batting - Pitching for Atlantic City War Dogs : RHP Rubén Cruz
Batting: RHB Gustavo Medine 0-0: Ball
1-0: Ball
2-0: Called Strike
2-1: Ball
3-1: Base on Balls
Pitching: LHP Craig Caldwell
Batting: LHB Pablo Alvarado 0-0: Ball
1-0: Swinging Strike
1-1: Grounds into double play, 4-6-3 (Groundball, 34)
Batting: LHB Elvin Summers 0-0: Called Strike
0-1: Ball
1-1: Ball
2-1: Fly out, F8 (Flyball, 78M)
Bottom of the 6th over - 0 run(s), 0 hit(s), 0 error(s), 0 left on base; Atlantic City 0 - Ontario 0
TOP OF THE 7TH
Atlantic City War Dogs batting - Pitching for Ontario Emus : RHP Albert Castro
Pitching: RHP Greg Yager
Batting: RHB Jamie Swyers 0-0: Called Strike
0-1: Ball
1-1: Foul Ball, location: 2F
1-2: SINGLE (Groundball, 25) (infield hit)
Batting: LHB Patrick Ferguson 0-0: Ball
1-0: Called Strike
1-1: Ball
2-1: SINGLE (Groundball, 4MD)
Jamie Swyers to second
Pinch Hitting: RHB Armando Vega 0-0: Called Strike
0-1: Called Strike
0-2: Ball
1-2: Fly out, F8 (Flyball, 8LS)
Pinch Hitting: LHB Gary White 0-0: Called Strike
0-1: Fielders Choice at 2nd, 1-4 (Groundball, 15)
Jamie Swyers to third
Pinch Hitting: RHB Tim van der Kamp 0-0: Ball
1-0: Fly out, F7 (Flyball, 7)
Top of the 7th over - 0 run(s), 2 hit(s), 0 error(s), 2 left on base; Atlantic City 0 - Ontario 0
BOTTOM OF THE 7TH
Ontario Emus batting - Pitching for Atlantic City War Dogs : LHP Craig Caldwell
Now at 2B: Armando Vega
Now in RF: Pancho Valdés
Batting: RHB Ánibal Soto 0-0: Ball
Now at 2B: Tim van der Kamp 1-0: Fly out, F9 (Line Drive, 9)
Pinch Hitting: RHB Bob Corrigan 0-0: SOLO HOME RUN (Flyball, 7LD), Distance : 348 ft
Batting: RHB Jack Crossey 0-0: Ball
1-0: Ground out 4-3 (Groundball, 4S)
Batting: RHB Bill Bourland 0-0: Ball
1-0: Swinging Strike
1-1: Ball
2-1: Foul Ball, location: 2F
2-2: Foul Ball, location: 2F
2-2: Ball
3-2: Fly out, F7 (Flyball, 7)
Bottom of the 7th over - 1 run(s), 1 hit(s), 0 error(s), 0 left on base; Atlantic City 0 - Ontario 1
TOP OF THE 8TH
Atlantic City War Dogs batting - Pitching for Ontario Emus : RHP Greg Yager
Pitching: RHP Muneyaki Nakamura
Now in RF: Francisco Gonzáles
Batting: RHB John Stevens 0-0: Called Strike
0-1: Foul Ball, location: 2F
0-2: Foul Ball, location: 2F
0-2: Ball
1-2: Foul Ball, location: 2F
1-2: Ball
2-2: Foul Ball, location: 2F
2-2: Foul Ball, location: 2F
2-2: Foul Ball, location: 2F
2-2: Strikes out swinging
Batting: LHB Robert Mann 0-0: Ball
1-0: Ball
2-0: Fly out, F6 (Flyball, 6MD)
Batting: RHB Jerome Cuevas 0-0: Ball
1-0: Foul Ball, location: 2F
1-1: Ball
2-1: Called Strike
2-2: Strikes out looking
Top of the 8th over - 0 run(s), 0 hit(s), 0 error(s), 0 left on base; Atlantic City 0 - Ontario 1
BOTTOM OF THE 8TH
Ontario Emus batting - Pitching for Atlantic City War Dogs : LHP Craig Caldwell
Batting: SHB Pete Jones 0-0: SINGLE (Groundball, 56S) (infield hit)
Batting: RHB Álex Martínez 0-0: Ball
1-0: Bunted foul
1-1: Sac Bunt - play at first, batter OUT! 5-4
Pete Jones to second
Batting: RHB Gustavo Medine 0-0: Intentional Walk
Pinch Hitting: RHB Germán Vargas 0-0: Ball
1-0: Swinging Strike
1-1: Grounds into double play, U3-6 (Groundball, 3L)
Bottom of the 8th over - 0 run(s), 1 hit(s), 0 error(s), 1 left on base; Atlantic City 0 - Ontario 1
TOP OF THE 9TH
Atlantic City War Dogs batting - Pitching for Ontario Emus : RHP Muneyaki Nakamura
Pitching: LHP Walt MacKey
Now at C: John Robertson
Now at 1B: Cipriano Martínez
Batting: RHB Jesús Herrera 0-0: Swinging Strike
0-1: Ball
1-1: Ground out 4-3 (Groundball, 34)
Batting: RHB Jamie Swyers 0-0: Ball
1-0: Ball
2-0: Foul Ball, location: 2F
2-1: Ball
3-1: Ground out 5-3 (Groundball, 25)
Pinch Hitting: RHB Bill Spence 0-0: SINGLE (Groundball, 6MD)
Batting: RHB Armando Vega 0-0: Called Strike
0-1: Ball
1-1: Ball
2-1: Foul Ball, location: 2F
2-2: Ball
Passed Ball!
Bill Spence to second
3-2: Fly out, F9 (Flyball, 9S)
Top of the 9th over - 0 run(s), 1 hit(s), 0 error(s), 1 left on base; Atlantic City 0 - Ontario 1
Thursday, March 30th, 2017 - OOTP Baseball 17.12 Build 75